 Dungeon Crawl Stone Soup version 0.31-a0-431-g88bdf31460 (webtiles) character file.

Game seed: 1119431293532887200

11107 arthad the Thaumaturge (level 11, 0/84 HPs)
             Began as a Gnoll Wanderer on July 31, 2023.
             Was an Elder of Sif Muna.
             Slain by a shadow (5 damage)
             ... on level 11 of the Dungeon on Aug 1, 2023.
             The game lasted 00:40:09 (12381 turns).

arthad the Thaumaturge (Gnoll Wanderer)            Turns: 12381, Time: 00:40:10

Health: 0/84       AC:  8    Str: 10    XL:     11   Next: 72%
Magic:  23/33      EV: 14    Int: 30    God:    Sif Muna [****..]
Gold:   764        SH:  0    Dex: 10    Spells: 3/26 levels left

rFire   + . .        h - staff of earth
rCold   . . .        (no shield)
rNeg    . . .        Q - +2 robe {rF+}
rPois   +            R - +3 hat of Pondering {ponderous, Will+ MP+10 Int+5}
rElec   .            (no cloak)
rCorr   .            k - +0 pair of gloves
SInv    .            (no boots)
Will    +....        (no amulet)
Stlth   +++          f - ring of poison resistance
HPRegen 0.34/turn    A - +6 ring of intelligence
MPRegen 0.23/turn

%: no passive effects
@: invisible, slow
A: fangs 1, strong nose, distributed training
a: Renounce Religion, Channel Magic, Forget Spell, Divine Exegesis


You were on level 11 of the Dungeon.
You worshipped Sif Muna.
Sif Muna was greatly pleased with you.
You visited 1 branch of the dungeon, and saw 11 of its levels.
You also visited: Sewer.

You collected 764 gold pieces.

Inventory:

Hand Weapons
 a - a +0 dagger
 d - a +1 eveningstar of holy wrath
 r - a +1 dagger of venom
 u - a +4 war axe
 v - a +2 short sword of holy wrath
 L - the +4 morningstar of Uxkuugg {holy, rElec rF+ Str+3 Int+3}
   (You found it on level 8 of the Dungeon)

   Str:       It affects your strength (+3).
   Int:       It affects your intelligence (+3).
   rF:        It protects you from fire.
   rElec:     It insulates you from electricity.
 P - a +2 scimitar of flaming
 T - a +1 rapier of venom
Missiles
 b - 48 poisoned darts
 w - 4 curare-tipped darts
Armour
 k - a +0 pair of gloves (worn)
 p - a +0 buckler
 O - a +2 leather armour of poison resistance
 Q - a +2 robe of fire resistance (worn)
 R - the +3 hat of Pondering (worn) {ponderous, Will+ MP+10 Int+5}
   (You took it off Gastronok on level 10 of the Dungeon)

   Int:       It affects your intelligence (+5).
   MP:        It affects your magic capacity (+10).
   Will:      It increases your willpower.
 S - a +2 robe of willpower
Magical Staves
 g - a staff of death
 h - a staff of earth (weapon)
 C - a staff of fire
 M - a staff of conjuration
Jewellery
 f - a ring of poison resistance (left hand)
 t - a +4 ring of slaying
 A - a +6 ring of intelligence (right hand)
 D - a +4 ring of protection
Wands
 y - a wand of iceblast (16)
 B - a wand of flame (63)
 K - a wand of polymorph (7)
Scrolls
 c - 3 scrolls of fog
 e - 2 scrolls of teleportation
 l - a scroll of identify
 n - a scroll of blinking
 G - 3 scrolls of noise
 H - 4 scrolls of enchant armour
 I - a scroll of enchant weapon
 J - a scroll of poison
 N - 3 scrolls of amnesia
Potions
 i - a potion of magic
 j - 8 potions of curing
 m - 2 potions of lignification
 o - 2 potions of ambrosia
 q - 2 potions of resistance
 x - 2 potions of enlightenment
 z - 4 potions of mutation
 E - a potion of attraction {unknown}
 F - a potion of might


   Skills:
 + Level 7.2 Fighting
 + Level 6.7 Short Blades
 + Level 6.7 Long Blades
 + Level 6.7 Axes
 + Level 6.7 Maces & Flails
 + Level 6.7 Polearms
 + Level 6.7 Staves
 + Level 6.7 Ranged Weapons
 + Level 7.2 Throwing
 + Level 6.7 Armour
 + Level 6.7 Dodging
 + Level 6.7 Stealth
 + Level 6.7 Shields
 + Level 6.7 Unarmed Combat
 + Level 8.4 Spellcasting
 + Level 5.5 Conjurations
 + Level 5.5 Hexes
 + Level 5.5 Summonings
 + Level 7.9 Necromancy
 + Level 5.5 Translocations
 + Level 5.5 Transmutations
 + Level 5.5 Fire Magic
 + Level 5.5 Ice Magic
 + Level 5.5 Air Magic
 + Level 7.9 Earth Magic
 + Level 5.5 Poison Magic
 + Level 7.3 Invocations
 + Level 6.7 Evocations
 + Level 5.5 Shapeshifting


You had 3 spell levels left.
You knew the following spells:

 Your Spells              Type           Power      Damage    Failure   Level
a - Sandblast             Erth           100%       2d20      1%          1
b - Vampiric Draining     Necr           57%        2d10      1%          3
c - Stone Arrow           Conj/Erth      100%       3d13      1%          3
d - Ensorcelled Hibernat  Hex/Ice        92%        N/A       1%          2
e - Anguish               Hex/Necr       26%        N/A       2%          4
f - Fireball              Conj/Fire      23%        3d11      12%         5
g - Yara's Violent Unrav  Hex/Tmut       23%        3d10      12%         5

Your spell library contained the following spells:

 Spells                   Type           Power      Damage    Failure   Level
 Kiss of Death            Conj/Necr      100%       2d13      1%          1
 Inner Flame              Hex/Fire       46%        N/A       1%          3
 Summon Guardian Golem    Hex/Summ       46%        N/A       1%          3
 Vhi's Electric Charge    Tloc/Air       92%        N/A       1%          3
 Animate Dead             Necr           57%        N/A       1%          4
 Cause Fear               Hex            23%        N/A       4%          4
 Arcjolt                  Conj/Air       23%        1d33      12%         5
 Plasma Beam              Fire/Air       23%        2x1d35    54%         6
 Enfeeble                 Hex            23%        N/A       98%         7
 Orb of Destruction       Conj           23%        9d8       98%         7
 Spellforged Servitor     Conj/Summ      23%        N/A       98%         7
 Dragon's Call            Summ           23%        N/A       100%        9


Dungeon Overview and Level Annotations

Branches:
Dungeon (11/15)            Temple (0/1) D:5            Lair (0/5) D:10
    Orc (0/2) D:11          Sewer (visited)

Altars:
Ashenzari
Cheibriados
Fedhas
Kikubaaqudgha
Qazlal
Sif Muna
Wu Jian
Xom
Zin

Annotations:
D:8 3 runed translucent doors, Gelion's ghost, novice TrSh
D:9 2 transporters, Gelion's ghost, novice TrSh
D:10 2 runed translucent doors


Innate Abilities, Weirdness & Mutations

You have very sharp teeth.
Your uncanny sense of smell can sniff out nearby items.
Your experience applies equally to all skills.


Message History

The shadow strikes at you from the darkness!
Reactivating autopickup.
The shadow slips into darkness.
The shadow flickers and vanishes!
Deactivating autopickup; reactivate with Ctrl-A.
Casting: Sandblast (safe; 1% risk of failure)
Confirm with . or Enter, or press ? or * to list all spells.
Aiming: Stone Arrow (safe; 1% risk of failure)
Press: ? - help, Shift-Dir - straight line, f - two-headed ogre
Aim: a two-headed ogre, wielding two +0 giant clubs (89% to hit)
You feel a surge of power!
The stone arrow hits the two-headed ogre!!
The two-headed ogre is heavily wounded.
The shadow strikes at you from the darkness!
Reactivating autopickup.
Casting: Stone Arrow (safe; 1% risk of failure)
Confirm with . or Enter, or press ? or * to list all spells.
Aiming: Stone Arrow (safe; 1% risk of failure)
Press: ? - help, Shift-Dir - straight line, f/p - two-headed ogre
Aim: a two-headed ogre, wielding two +0 giant clubs (heavily wounded, 89% to hit)
You feel a surge of power!
The stone arrow hits the shadow!!
The shadow is almost destroyed.
The shadow slips into darkness.
The shadow flickers and vanishes!
Deactivating autopickup; reactivate with Ctrl-A.
Casting: Stone Arrow (safe; 1% risk of failure)
Confirm with . or Enter, or press ? or * to list all spells.
Aiming: Stone Arrow (safe; 1% risk of failure)
Press: ? - help, Shift-Dir - straight line, f/p - two-headed ogre
Aim: a two-headed ogre, wielding two +0 giant clubs (heavily wounded, 89% to hit)
You feel a surge of power!
The stone arrow hits something!!
Sif Muna accepts your kill.
Reactivating autopickup.
You feel a bit more experienced.
The shadow strikes at you from the darkness!
* * * LOW HITPOINT WARNING * * *
It was a potion of invisibility.
You fade into invisibility!
The shadow hits you.
You die...

#.#.##..........
#....).........
###.#..).......
∆ #[..##..>....
##.## .$.....
#..# #.#####
#O## .. ###W#
### #>#@# #...#
#############
#..>#
#............
#.###
#............
#.#
#))).........
#.#
#)<).........
###.#
#)...........
#...#
#............
#.###
#............


You could see a two-headed ogre (unable to see you) and a shadow.

Vanquished Creatures
  Gastronok (D:10)
  Erica (D:10)
  Nergalle (D:10)
  An orange crystal statue (D:10)
  A cyclops (D:11)
  Maurice (D:10)
  A troll (D:11)
  A hornet (D:9)
  A dream sheep (D:10)
  3 shadows
  9 yaks
  4 vampire mosquitoes (D:11)
  2 water moccasins (D:10)
  2 ice beasts
  7 orc warriors
  2 black bears (D:10)
  2 ogres
  2 centaurs
  8 bullfrogs
  7 kobold brigands
  2 gnoll sergeants
  5 scorpions
  9 wights (D:8)
  3 killer bees (D:9)
  5 howler monkeys
  6 hounds
  6 orc priests
  2 gnoll boudas
  5 iguanas
  A sleepcap (D:4)
  5 orc wizards
  17 gnolls
  7 adders
  A river rat (Sewer)
  2 shadow imps
  2 white imps
  An ufetubus (D:5)
  2 worms
  3 dart slugs
  47 orcs
  7 endoplasms
  7 giant cockroaches
  8 goblins
  7 hobgoblins
  29 kobolds
  6 quokkas
  3 ball pythons
  5 bats
  2 frilled lizards (D:1)
  7 rats
269 creatures vanquished.

Vanquished Creatures (others)
  A bullfrog (D:9)
1 creature vanquished.

Grand Total: 270 creatures vanquished

Notes
Turn   | Place    | Note
-------+----------+-------------------------------------------
     0 | D:1      | arthad the Gnoll Wanderer began the quest for the Orb.
     0 | D:1      | arthad set off with the following items: a +0 dagger, 9
                  | poisoned darts, a scroll of fog, a +0 robe; and the
                  | following spells available to memorise: Sandblast, Kiss of
                  | Death, Vampiric Draining, Stone Arrow, Animate Dead.
     0 | D:1      | Reached XP level 1. HP: 17/17 MP: 6/6
   117 | D:1      | Learned a level 1 spell: Sandblast
   362 | D:1      | Reached XP level 2. HP: 23/23 MP: 4/7
   417 | D:1      | Found a faded altar of an unknown god.
  1081 | D:2      | Reached skill level 5 in Spellcasting
  1081 | D:2      | Reached XP level 3. HP: 28/28 MP: 4/9
  1165 | D:2      | Reached skill level 1 in Invocations
  1438 | D:2      | You fall into a shaft and drop 2 floors!
  1469 | D:4      | Reached skill level 1 in Short Blades
  1469 | D:4      | Reached skill level 1 in Long Blades
  1469 | D:4      | Reached skill level 1 in Axes
  1469 | D:4      | Reached skill level 1 in Maces & Flails
  1469 | D:4      | Reached skill level 1 in Polearms
  1469 | D:4      | Reached skill level 1 in Staves
  1469 | D:4      | Reached skill level 1 in Ranged Weapons
  1469 | D:4      | Reached skill level 1 in Armour
  1469 | D:4      | Reached skill level 1 in Dodging
  1469 | D:4      | Reached skill level 1 in Stealth
  1469 | D:4      | Reached skill level 1 in Shields
  1469 | D:4      | Reached skill level 1 in Unarmed Combat
  1469 | D:4      | Reached skill level 1 in Evocations
  1469 | D:4      | Reached XP level 4. HP: 34/34 MP: 7/11
  1624 | D:3      | Found a shimmering blue altar of Sif Muna.
  1656 | D:3      | Found a stormy altar of Qazlal.
  1894 | D:3      | Reached skill level 1 in Conjurations
  1894 | D:3      | Reached skill level 1 in Hexes
  1894 | D:3      | Reached skill level 1 in Summonings
  1894 | D:3      | Reached skill level 1 in Translocations
  1894 | D:3      | Reached skill level 1 in Transmutations
  1894 | D:3      | Reached skill level 1 in Fire Magic
  1894 | D:3      | Reached skill level 1 in Ice Magic
  1894 | D:3      | Reached skill level 1 in Air Magic
  1894 | D:3      | Reached skill level 1 in Poison Magic
  1894 | D:3      | Reached skill level 1 in Shapeshifting
  1953 | D:3      | Found a blossoming altar of Fedhas.
  2522 | D:3      | Found an ornate altar of the Wu Jian Council.
  2559 | D:4      | Reached XP level 5. HP: 36/40 MP: 10/12
  2822 | D:4      | Reached XP level 6. HP: 40/47 MP: 7/13
  3141 | D:4      | Learned a level 3 spell: Vampiric Draining
  3145 | D:4      | Learned a level 3 spell: Stone Arrow
  3148 | D:4      | Learned a level 2 spell: Ensorcelled Hibernation
  3153 | D:4      | Learned a level 4 spell: Anguish
  3259 | D:3      | Became a worshipper of Sif Muna the Loreminder
  3518 | D:5      | Entered Level 5 of the Dungeon
  3526 | D:5      | Identified a scroll of acquirement
  3526 | D:5      | Acquired a staff of earth
  3685 | D:5      | Reached XP level 7. HP: 28/52 MP: 2/15
  4050 | D:5      | Found a glowing drain.
  4066 | Sewer    | Entered a sewer
  4201 | Sewer    | Reached * piety under Sif Muna
  4210 | Sewer    | Reached XP level 8. HP: 52/60 MP: 4/16
  4299 | Sewer    | Found a white marble altar of Elyvilon.
  4363 | D:5      | Found a staircase to the Ecumenical Temple.
  4736 | D:6      | Reached skill level 6 in Spellcasting
  4947 | D:6      | Found a shimmering altar of Xom.
  5681 | D:7      | Reached ** piety under Sif Muna
  5844 | D:7      | Reached XP level 9. HP: 66/66 MP: 16/18
  6879 | D:8      | Reached skill level 5 in Fighting
  6879 | D:8      | Reached skill level 5 in Throwing
  7122 | D:8      | Learned a level 5 spell: Fireball
  7531 | D:8      | Found a broken altar of Ashenzari.
  7554 | D:8      | Reached skill level 5 in Invocations
  7685 | D:8      | Identified the +4 morningstar of Uxkuugg {holy, rElec rF+
                  | Str+3 Int+3}
  8006 | D:8      | Found a runed translucent gate.
  8006 | D:8      | Noticed Gelion's ghost (novice TrSh)
  8007 | D:8      | Found a runed translucent gate.
  8008 | D:8      | Found a runed translucent gate.
  8439 | D:8      | Found an ancient bone altar of Kikubaaqudgha.
  8564 | D:9      | Noticed a hornet
  8568 | D:9      | Killed a hornet
  8569 | D:9      | Reached skill level 7 in Spellcasting
  8709 | D:9      | Reached XP level 10. HP: 63/75 MP: 12/20
  8792 | D:9      | Found a snail-covered altar of Cheibriados.
  8810 | D:9      | Noticed a skeletal warrior
  8813 | D:9      | Noticed Gelion's ghost (novice TrSh)
  8846 | D:9      | Reached skill level 5 in Short Blades
  8846 | D:9      | Reached skill level 5 in Long Blades
  8846 | D:9      | Reached skill level 5 in Axes
  8846 | D:9      | Reached skill level 5 in Maces & Flails
  8846 | D:9      | Reached skill level 5 in Polearms
  8846 | D:9      | Reached skill level 5 in Staves
  8846 | D:9      | Reached skill level 5 in Ranged Weapons
  8846 | D:9      | Reached skill level 5 in Armour
  8846 | D:9      | Reached skill level 5 in Dodging
  8846 | D:9      | Reached skill level 5 in Stealth
  8846 | D:9      | Reached skill level 5 in Shields
  8846 | D:9      | Reached skill level 5 in Unarmed Combat
  8846 | D:9      | Reached skill level 5 in Evocations
  9316 | D:9      | Reached *** piety under Sif Muna
  9765 | D:9      | Found a transporter.
  9768 | D:9      | Found a transporter.
  9836 | D:9      | Learned a level 5 spell: Yara's Violent Unravelling
  9864 | D:10     | Entered Level 10 of the Dungeon
  9864 | D:10     | Noticed Maurice
  9864 | D:10     | Found a runed translucent door.
  9867 | D:10     | Killed Maurice
 10016 | D:10     | Found a staircase to the Lair.
 10034 | D:10     | Noticed Gastronok
 10108 | D:10     | Noticed Erica
 10122 | D:10     | Killed Erica
 10267 | D:10     | Reached XP level 11. HP: 46/83 MP: 3/22
 10595 | D:10     | Noticed Urug
 10598 | D:10     | Urug changed into Urug the dream sheep
 10598 | D:10     | Noticed Urug
 10600 | D:10     | Killed Urug the dream sheep
 10601 | D:10     | Reached skill level 5 in Conjurations
 10601 | D:10     | Reached skill level 5 in Hexes
 10601 | D:10     | Reached skill level 5 in Summonings
 10601 | D:10     | Reached skill level 5 in Translocations
 10601 | D:10     | Reached skill level 5 in Transmutations
 10601 | D:10     | Reached skill level 5 in Fire Magic
 10601 | D:10     | Reached skill level 5 in Ice Magic
 10601 | D:10     | Reached skill level 5 in Air Magic
 10601 | D:10     | Reached skill level 5 in Poison Magic
 10601 | D:10     | Reached skill level 5 in Shapeshifting
 10699 | D:10     | Killed Gastronok
 10700 | D:10     | Reached skill level 8 in Spellcasting
 10865 | D:10     | Noticed Nergalle
 10889 | D:10     | Found a runed translucent door.
 10907 | D:10     | Reached **** piety under Sif Muna
 10951 | D:10     | Found a runed translucent door.
 11057 | D:10     | Found a runed translucent door.
 11132 | D:10     | Found a glowing silver altar of Zin.
 11280 | D:10     | Killed Nergalle
 11413 | D:10     | Noticed an orange crystal statue
 11487 | D:10     | Noticed a two-headed ogre
 11699 | D:10     | Noticed a boulder beetle
 11701 | D:10     | Killed an orange crystal statue
 12073 | D:11     | Noticed a cyclops
 12077 | D:11     | Killed a cyclops
 12077 | D:11     | Noticed a two-headed ogre
 12347 | D:11     | Found a staircase to the Orcish Mines.
 12380 | D:11     | HP: 4/84 [something (32)]
 12381 | D:11     | Slain by a shadow

Illustrated notes

Levels and vault maps discovered:
D:1:      roderic_crop_circles_arrival_small, layout_loops_cross,
          hellmonk_ecumenical_altar_inner_sanctum
D:2:      layout_basic
D:3:      layout_loops_corners, nicolae_overflow_hidden_temple,
          mainiacjoe_overflow_small_starburst, grunt_qazlal_clouds,
          mainiacjoe_overflow_alcove_2, grunt_ministairs_14
D:4:      layout_cave_pools, nrook_mini_vaults
D:5:      layout_basic, minmay_temple_entry_sparse_star, portal_sewer_entry_f,
          minmay_fractal_squares_5
D:6:      layout_loops_ring, overflow_temple_1_default
D:7:      layout_basic
D:8:      minmay_general_purpose_star, layout_layer_cave, kennysheep_mini,
          mainiacjoe_overflow_cross_hatched, biasface_ghost_orc_armoury
D:9:      layout_roguey [special_room_orc], cheibriados_altar_1,
          gammafunk_ghost_arena, minivault_19, st_stairs_10
D:10:     layout_rooms, zin_statuary, due_lair_maze_entry_diamond,
          minmay_statue_crystal_thing, uniq_nergalle, uniq_gastronok,
          uniq_erica, uniq_urug, uniq_maurice
D:11:     layout_roguey, orc_0_dummy, patterned_corridor

Skill      XL: |  1  2  3  4  5  6  7  8  9 10 11 |
---------------+----------------------------------+-----
Spellcasting   | 5 6 7 8 |  8.4
Invocations    | 1 2 3 4 5 6 7 |  7.3
Short Blades   | 1 2 3 4 5 6 |  6.7
Long Blades    | 1 2 3 4 5 6 |  6.7
Axes           | 1 2 3 4 5 6 |  6.7
Maces & Flails | 1 2 3 4 5 6 |  6.7
Polearms       | 1 2 3 4 5 6 |  6.7
Staves         | 1 2 3 4 5 6 |  6.7
Ranged Weapons | 1 2 3 4 5 6 |  6.7
Armour         | 1 2 3 4 5 6 |  6.7
Dodging        | 1 2 3 4 5 6 |  6.7
Stealth        | 1 2 3 4 5 6 |  6.7
Shields        | 1 2 3 4 5 6 |  6.7
Unarmed Combat | 1 2 3 4 5 6 |  6.7
Evocations     | 1 2 3 4 5 6 |  6.7
Conjurations   | 1 2 3 4 5 |  5.5
Hexes          | 1 2 3 4 5 |  5.5
Summonings     | 1 2 3 4 5 |  5.5
Translocations | 1 2 3 4 5 |  5.5
Transmutations | 1 2 3 4 5 |  5.5
Fire Magic     | 1 2 3 4 5 |  5.5
Ice Magic      | 1 2 3 4 5 |  5.5
Air Magic      | 1 2 3 4 5 |  5.5
Poison Magic   | 1 2 3 4 5 |  5.5
Shapeshifting  | 1 2 3 4 5 |  5.5
Fighting       | 3 4 5 6 7 |  7.2
Throwing       | 3 4 5 6 7 |  7.2
Necromancy     | 6 7 |  7.9
Earth Magic    | 6 7 |  7.9

Action                     |  1- 3 |  4- 6 |  7- 9 | 10-12 || total
---------------------------+-------+-------+-------+-------++-------
  Melee: Dagger            |    17 |       |       |       ||    17
         Staff             |       |       |     4 |     8 ||    12
         Punch             |       |       |     1 |     1 ||     2
         Bite              |       |       |       |     3 ||     3
   Cast: Sandblast         |    42 |    93 |   138 |   120 ||   393
         Stone Arrow       |       |     2 |    26 |    93 ||   121
         Vampiric Draining |       |       |     3 |     1 ||     4
         Fireball          |       |       |     2 |       ||     2
         Anguish           |       |       |     1 |       ||     1
         Yara's Violent Un |       |       |       |     3 ||     3
  Evoke: Wand              |       |       |       |     5 ||     5
    Use: Scroll            |       |     5 |     4 |     8 ||    17
         Potion            |       |       |       |     2 ||     2
 Armour: Robe              |       |    14 |    12 |    42 ||    68
  Dodge: Dodged            |     4 |    28 |    37 |    89 ||   158

Table legend: (Time is in decaauts)
 A = Elapsed time spent in this place.
 B = Non-inter-level travel time spent in this place.
 C = Inter-level travel time spent in this place.
 D = Time resting spent in this place.
 E = Time spent auto-exploring this place.
 F = Levels seen in this place.
 G = Mean time per level.
                   A        B        C        D        E       F      G
               +--------+--------+--------+--------+--------+-----+--------+
         Total |  12665 |  12123 |    542 |   1275 |   9003 |  12 | 1055.4 |
       Dungeon |  12362 |  11820 |    542 |   1275 |   8749 |  11 | 1123.8 |
         Sewer |    302 |    302 |      0 |      0 |    254 |   1 |  302.0 |
               +--------+--------+--------+--------+--------+-----+--------+

Top non-repeatable levels by time:
    D:10: 1972 daAuts
     D:8: 1835 daAuts
     D:9: 1439 daAuts
     D:3: 1223 daAuts
     D:7: 1173 daAuts
     D:6: 952 daAuts
     D:4: 945 daAuts
     D:1: 922 daAuts
     D:5: 781 daAuts
     D:2: 587 daAuts
    D:11: 530 daAuts
   Sewer: 302 daAuts
